 Dungeon Crawl Stone Soup version 0.31-a0-1272-g9f703e4c1d (webtiles) character file.

Game seed: 17316014473872546536

714 James the Grappler (level 7, -10/62 HPs)
             Began as a Troll Gladiator on Dec 17, 2023.
             Mangled by an ogre
             ... wielding a +0 giant club
              (25 damage)
             ... on level 5 of the Dungeon.
             The game lasted 00:09:29 (3531 turns).

James the Grappler (Troll Gladiator)                Turns: 3531, Time: 00:09:30

Health: -10/62     AC:  5    Str: 31    XL:     7   Next: 41%
Magic:  6/6        EV: 10    Int:  4    God:
Gold:   251        SH:  0    Dex: 11    Spells: 6/6 levels left

rFire   . .          .
                       - Unarmed
rCold   . . .        (no shield)
rNeg    . . .        a - +0 robe
rPois   +            b - +1 hat
rElec   .            (no cloak)
rCorr   .            (gloves unavailable)
SInv    .            (boots unavailable)
Will    .....        (no amulet)
Stlth   +            r - ring of poison resistance
HPRegen 1.10/turn    y - +6 ring of strength
MPRegen 0.10/turn

%: no passive effects
@: no status effects
A: large, unfitting armour, claws 3, regeneration 1, shaggy fur 1, tough skin 1
a: no special abilities


You were on level 5 of the Dungeon.
You visited 1 branch of the dungeon, and saw 5 of its levels.

You collected 251 gold pieces.

Inventory:

Hand Weapons
 l - a +1 short sword of flaming
   (You found it on level 1 of the Dungeon)
 s - a +1 sling
   (You found it on level 2 of the Dungeon)
 u - a +3 short sword of venom
   (You found it on level 2 of the Dungeon)
Missiles
 c - 3 throwing nets {!f}
 d - a large rock
 f - 5 boomerangs
 h - 31 stones
 p - 7 poisoned darts (quivered)
 t - 6 javelins
Armour
 a - a +0 robe (worn)
 b - a +1 hat (worn)
 g - a +0 robe
   (You took it off a gnoll bouda on level 3 of the Dungeon)
 m - a +0 robe
   (You took it off an orc wizard on level 3 of the Dungeon)
 o - a +0 robe
   (You found it on level 1 of the Dungeon)
 x - a +0 robe
   (You found it on level 3 of the Dungeon)
Jewellery
 r - a ring of poison resistance (left claw)
   (You found it on level 2 of the Dungeon)
 y - a +6 ring of strength (right claw)
   (You found it on level 3 of the Dungeon)
Talismans
 w - a flux talisman
   (You found it on level 2 of the Dungeon)
Scrolls
 k - 3 scrolls of teleportation {@r4}
 n - a scroll of fear
 B - a scroll of silence
Potions
 e - 3 potions of enlightenment
 i - 2 potions of curing {@q1}
 j - a potion of resistance
 q - a potion of might
 z - a potion of lignification {!q}


   Skills:
 - Level 1.5 Fighting
 - Level 1.7 Throwing
 - Level 2.4 Dodging
 + Level 8.8 Unarmed Combat


You had 6 spell levels left.
You didn't know any spells.
Your spell library contained the following spells:

 Spells                   Type           Power      Damage    Failure   Level
 Apportation              Tloc           0%         N/A       50%         1
 Slow                     Hex            0%         N/A       50%         1
 Ensorcelled Hibernation  Hex/Ice        0%         N/A       65%         2
 Jinxbite                 Hex            0%         N/A       65%         2
 Passwall                 Tmut/Erth      0%         N/A       65%         2
 Confusing Touch          Hex            0%         N/A       86%         3
 Inner Flame              Hex/Fire       0%         N/A       86%         3
 Sigil of Binding         Hex            0%         N/A       86%         3
 Swiftness                Air            0%         N/A       86%         3
 Vampiric Draining        Necr           0%         2d6       86%         3
 Flame Wave               Conj/Fire      0%         2d4       99%         4
 Sticky Flame             Conj/Fire      0%         2d3       99%         4
 Alistair's Intoxication  Tmut/Pois      0%         N/A       100%        5


Dungeon Overview and Level Annotations

Branches:
Dungeon (5/15)
 Temple: D:4-7

Altars:
Dithmenos
Qazlal
Vehumet
Yredelemnul

Shops:
D:4 (   D:5 !


Innate Abilities, Weirdness & Mutations

You are too large for most types of armour.
You have claws for hands.
Your natural rate of healing is unusually fast.
You are covered in fur. (AC +1)
You have tough skin. (AC +1)


Message History

You climb downwards.
Found a scroll of teleportation.
Found Eddaofiq's Distillery.
Found a stone staircase leading down and a stone staircase leading up.
There is a stone staircase leading up here.
There is an entrance to Eddaofiq's Distillery here.
An iguana comes into view.
The iguana hisses angrily.
You see here a scroll of teleportation {@r4}.
k - 3 scrolls of teleportation {@r4} (gained 1)
You mangle the iguana!!
You kill the iguana!
Found 2 scrolls of teleportation.
An ogre comes into view. It is wielding a +0 giant club.
A shadow imp comes into view.
The shadow imp shouts!
The ogre shouts!
Unknown command.
Throw: 11 darts (poison)
Press: ? - help, Q - select action, (/) - cycle Shift-Dir - straight line, f - ogre
Aim: an ogre, wielding a +0 giant club (69% to hit)
You throw a poisoned dart.
The poisoned dart barely misses the ogre.
Throw: 10 darts (poison)
Press: ? - help, Q - select action, (/) - cycle Shift-Dir - straight line, f/p - ogre
Aim: an ogre, wielding a +0 giant club (69% to hit)
You throw a poisoned dart. The poisoned dart hits the ogre.
The ogre is poisoned.
Throw: 9 darts (poison)
Press: ? - help, Q - select action, (/) - cycle Shift-Dir - straight line, f/p - ogre
Aim: an ogre, wielding a +0 giant club (lightly wounded, poisoned, 69% to hit)
You throw a poisoned dart. The poisoned dart hits the ogre.
The ogre looks even sicker.
Throw: 8 darts (poison)
Press: ? - help, Q - select action, (/) - cycle Shift-Dir - straight line, f/p - ogre
Aim: an ogre, wielding a +0 giant club (lightly wounded, very poisoned, 69% to hit)
You throw a poisoned dart.
The poisoned dart barely misses the ogre.
You scratch the ogre.
The ogre hits you with a +0 giant club!!
You completely miss the ogre.
A scorpion comes into view.
You claw the ogre! The ogre completely misses you.
You barely miss the ogre. You barely miss the ogre.
The ogre hits you with a +0 giant club!!
* * * LOW HITPOINT WARNING * * *
The shadow imp hits you.
* * * LOW HITPOINT WARNING * * *
You barely miss the ogre. The shadow imp closely misses you.
The ogre hits you with a +0 giant club!!
You die...

........#.# #.....##.#
##<....##.# .#
#...∩...#.# #.#
#.......#.# #.#
#.......#.###.#
##............#
....#.......5...#######
###..#.....@O(s((..?...
##.#..........#....#.
....................
###........####.####.
#........# ..
##.#####.# ..# #. #.#
.# # #.. .. .. .


You could see an ogre (poisoned), a scorpion and a shadow imp.

Vanquished Creatures
  A human (D:4)
  A sky beast (D:4)
  A scorpion (D:4)
  A howler monkey (D:4)
  A jelly (D:4)
  A hound (D:4)
  An orc priest (D:4)
  A gnoll bouda (D:3)
  A human skeleton (D:4)
  2 iguanas
  An orc wizard (D:3)
  3 gnolls
  8 adders
  3 dart slugs
  2 orcs (D:4)
  5 bats
  5 endoplasms
  3 giant cockroaches
  3 goblins
  9 hobgoblins
  4 jackals (D:2)
  8 kobolds
  3 quokkas
  6 ball pythons
  A rat (D:1)
75 creatures vanquished.

Notes
Turn   | Place    | Note
-------+----------+-------------------------------------------
     0 | D:1      | James the Troll Gladiator began the quest for the Orb.
     0 | D:1      | Reached XP level 1. HP: 19/19 MP: 0/0
   291 | D:1      | Reached XP level 2. HP: 25/27 MP: 1/1
   343 | D:1      | Noticed an eye of devastation
   357 | D:1      | Noticed a glass eye
   361 | D:1      | Noticed a golden eye
   363 | D:1      | Found a faded altar of an unknown god.
   364 | D:1      | Noticed a glass eye
   841 | D:2      | Reached skill level 4 in Unarmed Combat
   865 | D:2      | Reached XP level 3. HP: 33/33 MP: 2/2
   930 | D:2      | Found a shadowy altar of Dithmenos.
  1860 | D:3      | Reached skill level 5 in Unarmed Combat
  1860 | D:3      | Reached XP level 4. HP: 41/41 MP: 3/3
  2150 | D:3      | Found a radiant altar of Vehumet.
  2523 | D:4      | Found a transporter.
  2528 | D:4      | Found Qyzyklic's Antique Weapon Shop.
  2547 | D:4      | Noticed a scorpion
  2549 | D:4      | Reached XP level 5. HP: 48/48 MP: 4/4
  2553 | D:4      | Reached skill level 6 in Unarmed Combat
  2553 | D:4      | Found a runed translucent door.
  2553 | D:4      | Noticed a human
  2577 | D:4      | Reached XP level 6. HP: 53/55 MP: 5/5
  2579 | D:4      | Noticed a sky beast
  2605 | D:3      | Reached skill level 7 in Unarmed Combat
  2620 | D:4      | Killed a sky beast
  2670 | D:4      | Found a basalt altar of Yredelemnul.
  2682 | D:4      | Found a transporter.
  2721 | D:4      | Found a stormy altar of Qazlal.
  2916 | D:3      | Reached skill level 8 in Unarmed Combat
  2916 | D:3      | Reached XP level 7. HP: 62/62 MP: 6/6
  3115 | D:4      | Found a stormy altar of Qazlal.
  3143 | D:4      | Found a transporter.
  3143 | D:4      | Found Qyzyklic's Antique Weapon Shop.
  3159 | D:4      | Found a runed translucent door.
  3208 | D:4      | Found a transporter.
  3432 | D:4      | Found a basalt altar of Yredelemnul.
  3450 | D:4      | Killed a human
  3499 | D:5      | Entered Level 5 of the Dungeon
  3499 | D:5      | Found Eddaofiq's Distillery.
  3531 | D:5      | Mangled by an ogre

Illustrated notes

Levels and vault maps discovered:
D:1:      dpeg_arrival_circle_labyrinth_c, layout_basic,
          hellmonk_ecumenical_altar_watching_god, minmay_hexomino_p4
D:2:      layout_rooms, basic_altar, minmay_increasing_density
D:3:      layout_loops_ring, fiery_altar_vehumet, grunt_ministairs_11,
          grunt_decor_arrowhead
D:4:      layout_cave_pools, nicolae_qazlal_beasts_of_the_sky,
          dk_yredelemnul_ordeal, serial_shops, nicolae_shop_drivethru
D:5:      layout_rooms, old_standard_altar, old_standard_altar,
          gammafunk_temple_overflow_pools, serial_shops, shop

Skill      XL: |  1  2  3  4  5  6 |
---------------+-------------------+-----
Unarmed Combat | 4 5 6 8 |  8.8
Fighting       | |  1.5
Throwing       | |  1.7
Dodging        | |  2.4

Action                     |  1- 3 |  4- 6 |  7- 9 || total
---------------------------+-------+-------+-------++-------
  Melee: Unarmed           |    86 |    74 |    24 ||   184
         Punch             |     2 |     4 |     1 ||     7
  Throw: Dart              |     6 |     2 |     4 ||    12
    Use: Scroll            |       |    14 |       ||    14
   Stab: Sleeping          |     1 |       |       ||     1
         Distracted        |       |       |     1 ||     1
 Armour: Robe              |    39 |    42 |    13 ||    94
  Dodge: Dodged            |    31 |    22 |     4 ||    57

Table legend: (Time is in decaauts)
 A = Elapsed time spent in this place.
 B = Non-inter-level travel time spent in this place.
 C = Inter-level travel time spent in this place.
 D = Time resting spent in this place.
 E = Time spent auto-exploring this place.
 F = Levels seen in this place.
 G = Mean time per level.
                   A        B        C        D        E       F      G
               +--------+--------+--------+--------+--------+-----+--------+
         Total |   3512 |   3260 |    252 |    163 |   2331 |   5 |  702.4 |
       Dungeon |   3512 |   3260 |    252 |    163 |   2331 |   5 |  702.4 |
               +--------+--------+--------+--------+--------+-----+--------+

Top non-repeatable levels by time:
     D:4: 1184 daAuts
     D:3: 841 daAuts
     D:1: 829 daAuts
     D:2: 626 daAuts
     D:5: 30 daAuts
